 Dungeon Crawl Stone Soup version 0.31-a0-321-g19405a7a6a (webtiles) character file.

Game seed: 3303130390220606223

1470 IdlyInterested the Trooper (level 8, -2/67 HPs)
             Began as a Demonspawn Gladiator on July 17, 2023.
             Was an Initiate of Okawaru.
             Killed from afar by a gargoyle (12 damage)
             ... with a stone arrow
             ... on level 7 of the Dungeon.
             The game lasted 00:15:42 (6202 turns).

IdlyInterested the Trooper (Demonspawn Gladiator)   Turns: 6202, Time: 00:15:43

Health: -2/67      AC: 14    Str: 21 (22) XL:     8   Next: 49%
Magic:  0/8        EV: 15    Int:  8 (10) God:    Okawaru [......]
Gold:   477        SH:  0    Dex: 14 (15) Spells: 7/7 levels left

rFire   . . .        a - +0 flail (elec)
rCold   . . .        (no shield)
rNeg    . . .        x - +0 chain mail
rPois   .            c - +0 helmet
rElec   .            m - +0 cloak
rCorr   .            o - +2 pair of gloves
SInv    .            (no boots)
Will    .....        N - amulet of guardian spirit Stlth
                     n - +6 ring of strength
HPRegen 0.31/turn    (no ring)
MPRegen 0.11/turn

%: guardian spirit
@: mighty, agile
A: hooves 2, ignite blood 2, powered by pain 1, sturdy frame 1
a: Renounce Religion


You were on level 7 of the Dungeon.
You worshipped Okawaru.
Okawaru was noncommittal.
You visited 2 branches of the dungeon, and saw 8 of its levels.

You collected 477 gold pieces.

Inventory:

Hand Weapons
 a - a +0 flail of electrocution (weapon)
Missiles
 d - 4 throwing nets
 e - a javelin
 i - 7 atropa-tipped darts
 s - 37 stones (quivered)
 K - 7 poisoned darts
Armour
 c - a +0 helmet (worn)
 m - a +0 cloak (worn)
 o - a +2 pair of gloves (worn)
 x - a +0 chain mail (worn)
Jewellery
 n - a +6 ring of strength (left hand)
 r - a ring of fire
 C - a ring of ice
 N - an amulet of guardian spirit (around neck)
Wands
 D - a wand of paralysis (16)
 G - a wand of flame (19)
 I - a wand of polymorph (7)
 J - a wand of light (4)
Scrolls
 f - a scroll of noise {unknown}
 j - a scroll of vulnerability {unknown}
 k - a scroll of immolation
 l - a scroll of summoning {unknown}
 p - 2 scrolls of fear {unknown}
 q - a scroll of brand weapon
 t - a scroll of amnesia {unknown}
 u - a scroll of teleportation
 v - 2 scrolls of blinking
 w - 4 scrolls of fog
 y - 6 scrolls of poison {unknown}
 z - a scroll of torment {unknown}
 B - 2 scrolls of enchant weapon {unknown}
 H - a scroll of enchant armour {unknown}
Potions
 g - a potion of lignification
 h - a potion of mutation
 A - a potion of brilliance
 E - a potion of invisibility {unknown}
 F - a potion of enlightenment
 L - a potion of curing
 M - 2 potions of degeneration


   Skills:
 * Level 7.2 Fighting
 + Level 5.2 Maces & Flails
 - Level 2.0 Throwing
 - Level 4.0 Armour
 - Level 3.0 Dodging
 - Level 1.0 Stealth
 - Level 2.0 Shields
 * Level 1.1 Invocations
 - Level 2.0 Evocations


You had 7 spell levels left.
You didn't know any spells.
Your spell library contained the following spells:

 Spells                   Type           Power      Damage    Failure   Level
 Kiss of Death            Conj/Necr      0%         2d5       87%         1
 Magic Dart               Conj           0%         1d3       87%         1
 Shock                    Conj/Air       0%         1d3       87%         1
 Ensorcelled Hibernation  Hex/Ice        0%         N/A       95%         2
 Confusing Touch          Hex            0%         N/A       99%         3
 Inner Flame              Hex/Fire       0%         N/A       99%         3
 Mephitic Cloud           Conj/Pois/Air  0%         N/A       99%         3
 Swiftness                Air            0%         N/A       99%         3
 Airstrike                Air            0%         2d(0-16)  100%        4
 Anguish                  Hex/Necr       0%         N/A       100%        4
 Dispel Undead            Necr           0%         3d6       100%        4
 Yara's Violent Unravell  Hex/Tmut       0%         3d3       100%        5
 Enfeeble                 Hex            0%         N/A       100%        7
 Call Imp                 Summ           Unusable   N/A       N/A         2

Dungeon Overview and Level Annotations

Branches:
Dungeon (7/15)             Temple (1/1) D:6

Altars:
Ashenzari
Cheibriados
Dithmenos
Fedhas
Gozag
Kikubaaqudgha
Makhleb
Nemelex Xobeh
Okawaru
Qazlal
Ru
Sif Muna
Trog
Uskayaw
Vehumet
Wu Jian
Xom
Yredelemnul


Innate Abilities, Weirdness & Mutations

You have hoof-like feet.
Your demonic aura often causes spilled blood to erupt in flames.
You sometimes gain a little power by taking damage.
Your movements are slightly less encumbered by armour. (ER -2)


Message History

The gnoll hits you with a +0 halberd! The gnoll misses you.
You barely miss the gnoll. Your kick misses the gnoll.
The gnoll is almost dead.
The gargoyle hits you but does no damage.
The gnoll hits you with a +0 whip. The gnoll misses you.
The gnoll closely misses you. x2
You bludgeon the gnoll!!
You kill the gnoll!
Okawaru accepts your kill.
The gargoyle hurls a stone arrow at you.
The stone arrow hits you! The gnoll hits you but does no damage.
The gnoll hits you with a +0 flail. The gnoll closely misses you.
The gargoyle hits you with a +2 morningstar of protection!
* * * LOW HITPOINT WARNING * * *
You focus on the pain.
You feel agile all of a sudden.
You barely miss the gnoll. The gnoll barely misses you.
The gnoll hits you with a +0 whip.
* * * LOW HITPOINT WARNING * * *
The gnoll hits you with a +0 whip.
* * * LOW HITPOINT WARNING * * *
The gargoyle barely misses you. The gnoll barely misses you.
The gnoll hits you with a +0 whip.
* * * LOW HITPOINT WARNING * * *
It was a potion of degeneration.
There was something very wrong with that liquid.
You feel weakened.
You feel dopey.
You feel clumsy.
The gnoll is no longer moving quickly.
The gnoll barely misses you. The gargoyle closely misses you.
The gnoll completely misses you. The gnoll barely misses you.
It was a potion of curing.
You feel better.
The gnoll is no longer moving quickly.
The gnoll closely misses you.
The gargoyle hits you with a +2 morningstar of protection!
* * * LOW HITPOINT WARNING * * *
The gnoll hits you but does no damage. The gnoll hits you with a +0 flail!
* * * LOW HITPOINT WARNING * * *
You hit the gargoyle but do no damage. The gnoll closely misses you.
The gargoyle hurls a stone arrow at you.
The stone arrow hits you!
You die...

..# #..####
#.....#####
#.....>...###
#...........###
#.............#
#........)....##
#.....ggg..?...#
#......)@9.......
........°).......
.................
#................
##...............
8#...............
S#..#..........##
#..#........###


You could see a gargoyle and 3 gnolls.

Vanquished Creatures
  A water moccasin (D:6)
  An ice beast (D:5)
  4 black bears
  An ogre (D:5)
  2 phantoms
  2 scorpions
  2 electric eels (D:4)
  4 hounds
  A gnoll bouda (D:7)
  2 jellies
  2 orc wizards
  5 gnolls
  10 adders
  2 white imps (D:6)
  2 dart slugs (D:4)
  6 orcs
  6 bats
  8 endoplasms
  4 giant cockroaches
  8 goblins
  9 hobgoblins
  4 jackals (D:4)
  6 quokkas
  4 ball pythons
  3 frilled lizards
  6 kobolds
  6 rats
111 creatures vanquished.

Notes
Turn   | Place    | Note
-------+----------+-------------------------------------------
     0 | D:1      | IdlyInterested the Demonspawn Gladiator began the quest for
                  | the Orb.
     0 | D:1      | Reached XP level 1. HP: 16/16 MP: 1/1
   121 | D:1      | Gained mutation: You have large cloven feet. [demonic
                  | ancestry]
   121 | D:1      | Reached XP level 2. HP: 14/22 MP: 2/2
   391 | D:1      | Reached skill level 1 in Armour
   464 | D:1      | Gained mutation: Your demonic aura sometimes causes spilled
                  | blood to erupt in flames. [demonic ancestry]
   464 | D:1      | Reached XP level 3. HP: 28/28 MP: 3/3
  1194 | D:2      | Found a faded altar of an unknown god.
  1757 | D:2      | Reached skill level 3 in Fighting
  2357 | D:3      | Found a sparkling altar of Nemelex Xobeh.
  2358 | D:3      | Found a blossoming altar of Fedhas.
  2362 | D:3      | Noticed a phantom
  2365 | D:3      | Found a shimmering blue altar of Sif Muna.
  2375 | D:3      | Killed a phantom
  2376 | D:3      | Reached skill level 1 in Stealth
  2376 | D:3      | Reached XP level 4. HP: 33/37 MP: 4/4
  2408 | D:3      | Gained mutation: You have hoof-like feet. [demonic
                  | ancestry]
  2408 | D:3      | Reached XP level 5. HP: 32/42 MP: 5/5
  2411 | D:3      | Reached skill level 4 in Fighting
  3018 | D:4      | Found a transporter.
  3162 | D:4      | Found a transporter.
  3642 | D:4      | Gained mutation: Your movements are slightly less
                  | encumbered by armour. (ER -2) [demonic ancestry]
  3642 | D:4      | Reached XP level 6. HP: 46/49 MP: 6/6
  3796 | D:4      | Reached skill level 1 in Evocations
  3858 | D:4      | Reached skill level 5 in Fighting
  3874 | D:4      | Found an ancient bone altar of Kikubaaqudgha.
  4291 | D:5      | Entered Level 5 of the Dungeon
  4396 | D:5      | Gained mutation: Your demonic aura often causes spilled
                  | blood to erupt in flames. [demonic ancestry]
  4396 | D:5      | Reached XP level 7. HP: 53/56 MP: 7/7
  4856 | D:5      | Reached skill level 6 in Fighting
  5289 | D:6      | Found a staircase to the Ecumenical Temple.
  5302 | D:6      | Reached skill level 1 in Shields
  5302 | D:6      | Gained mutation: You sometimes gain a little power by
                  | taking damage. [demonic ancestry]
  5302 | D:6      | Reached XP level 8. HP: 58/65 MP: 8/8
  5303 | Temple   | Entered the Ecumenical Temple
  5421 | Temple   | Became a worshipper of Warmaster Okawaru
  5546 | D:6      | Found a stormy altar of Qazlal.
  5625 | D:6      | Reached skill level 5 in Maces & Flails
  5721 | D:6      | Reached skill level 7 in Fighting
  6189 | D:7      | Noticed a gargoyle
  6195 | D:7      | Reached skill level 1 in Invocations
  6202 | D:7      | Killed from afar by a gargoyle

Illustrated notes

Levels and vault maps discovered:
D:1:      mrwooster_arrival_statue_3, layout_basic, minmay_domino_4
D:2:      layout_basic, dreamdust_ecumenical_altar_angels_and_demons
D:3:      layout_basic, nicolae_overflow_macrodata_refinement
D:4:      gammafunk_steamed_eel, layout_loops_corners,
          lemuel_zombie_altar_kikubaaqudgha, minmay_gold_behind_fungi,
          minivault_5
D:5:      layout_basic, minmay_misc_feat_chi
D:6:      layout_basic, mainiacjoe_overflow_24_doors,
          minmay_temple_entry_overgrown
D:7:      layout_cave_pods, nicolae_ossuary_entry_plus, gammafunk_ghost_arena,
          glass_columns_b, uniq_pikel, uniq_joseph
Temple:   minmay_temple_curvy_branch

Skill      XL: |  1  2  3  4  5  6  7  8 |
---------------+-------------------------+-----
Throwing       | 2 |  2.0
Armour         | 1 2 3 4 |  4.0
Maces & Flails | 3 4 5 |  5.2
Dodging        | 3 |  3.0
Fighting       | 3 4 5 6 7 |  7.2
Stealth        | 1 |  1.0
Evocations     | 1 2 |  2.0
Shields        | 1 2 |  2.0
Invocations    | 1 |  1.1

Action                     |  1- 3 |  4- 6 |  7- 9 || total
---------------------------+-------+-------+-------++-------
  Melee: Flail             |   108 |   105 |    96 ||   309
         Kick              |    16 |    23 |    28 ||    67
         Punch             |       |     1 |       ||     1
  Throw: Stone             |       |     2 |     6 ||     8
  Evoke: Wand              |       |     1 |       ||     1
    Use: Scroll            |     1 |     2 |     5 ||     8
         Potion            |     1 |     2 |     3 ||     6
 Armour: Leather armour    |    15 |       |       ||    15
         Ring mail         |    34 |    16 |       ||    50
         Chain mail        |       |    49 |    82 ||   131
  Dodge: Dodged            |    75 |    69 |    96 ||   240

Table legend: (Time is in decaauts)
 A = Elapsed time spent in this place.
 B = Non-inter-level travel time spent in this place.
 C = Inter-level travel time spent in this place.
 D = Time resting spent in this place.
 E = Time spent auto-exploring this place.
 F = Levels seen in this place.
 G = Mean time per level.
                   A        B        C        D        E       F      G
               +--------+--------+--------+--------+--------+-----+--------+
         Total |   6271 |   5410 |    861 |    389 |   3749 |   8 |  783.9 |
       Dungeon |   6141 |   5369 |    772 |    389 |   3729 |   7 |  877.3 |
        Temple |    129 |     40 |     89 |      0 |     20 |   1 |  129.0 |
               +--------+--------+--------+--------+--------+-----+--------+

Top non-repeatable levels by time:
     D:4: 1394 daAuts
     D:2: 1199 daAuts
     D:1: 1080 daAuts
     D:5: 875 daAuts
     D:6: 809 daAuts
     D:3: 768 daAuts
  Temple: 129 daAuts
     D:7: 13 daAuts
